 Seeded DCSS version 0.29.1-12-g30fa7ad0bf (webtiles) character file.

Game seed: 20230114 (custom seed)

198 stormannn the Conjurer (level 5, -9/38 HPs)
             Began as a Demigod Conjurer on Jan 14, 2023.
             Mangled by Duvessa
             ... wielding a +0 short sword
              (11 damage)
             ... on level 4 of the Dungeon.
             The game lasted 00:08:00 (4091 turns).

stormannn the Conjurer (Demigod Conjurer)           Turns: 4091, Time: 00:08:01

Health: -9/38      AC:  3    Str:  8    XL:     5   Next: 23%
Magic:  12/14      EV: 12    Int: 24    God:
Gold:   118        SH:  0    Dex: 12    Spells: 11/12 levels left

rFire   . . .      SeeInvis .   q - +3 dagger (speed)
rCold   . . .      Faith    .   (no shield)
rNeg    . . .      Spirit   .   r - +0 robe {Will+}
rPois   .          Reflect  .   l - +0 helmet
rElec   .          Harm     .   (no cloak)
rCorr   .          Rampage  .   (no gloves)
Will    +....                   (no boots)
Stlth   ++........              (no amulet)
HPRegen 0.12/turn               (no ring)
MPRegen 0.14/turn               (no ring)

@: flying
A: high MP 1, forlorn, divine attributes
a: no special abilities


You were on level 4 of the Dungeon.
You visited 1 branch of the dungeon, and saw 4 of its levels.

You collected 118 gold pieces.

Inventory:

Hand Weapons
 q - a +3 dagger of speed (weapon)
Missiles
 c - a poisoned dart (quivered)
Armour
 l - a +0 helmet (worn)
 r - a +0 robe of willpower (worn)
Jewellery
 f - an amulet of guardian spirit
Scrolls
 e - a scroll of teleportation
 m - a scroll of immolation {unknown}
 p - a scroll of fear {unknown}
Potions
 b - a potion of magic
 g - a potion of attraction {unknown}
 h - 4 potions of mutation {unknown}
 i - a potion of haste {unknown}
 j - 4 potions of curing
 k - a potion of flight
 n - a potion of might {unknown}
 o - 2 potions of heal wounds {unknown}


   Skills:
 - Level 1.7 Dodging
 - Level 1.7 Stealth
 * Level 4.1 Spellcasting
 + Level 4.6 Conjurations


You had 11 spell levels left.
You knew the following spells:

 Your Spells              Type           Power      Damage    Failure   Level
a - Magic Dart            Conj           100%       1d8       1%          1

Your spell library contained the following spells:

 Spells                   Type           Power      Damage    Failure   Level
 Searing Ray              Conj           54%        2d6       2%          2
 Foxfire                  Conj/Fire      64%        2x1d7     3%          1
 Sandblast                Erth           8%         2d5       10%         1
 Conjure Flame            Conj/Fire      16%        6-21      11%         3
 Dazzling Flash           Conj/Hex       32%        N/A       11%         3
 Stone Arrow              Conj/Erth      32%        3d9       11%         3
 Passwall                 Tmut/Erth      3%         N/A       14%         2
 Ignite Poison            Fire/Tmut/Pois 4%         N/A       28%         3
 Inner Flame              Hex/Fire       4%         N/A       28%         3
 Flame Wave               Conj/Fire      16%        2d7       36%         4
 Fulminant Prism          Conj/Hex       8%         3d7       36%         4
 Iskenderun's Mystic Bla  Conj/Tloc      16%        2d5       36%         4
 Sticky Flame             Conj/Fire      16%        2d4       36%         4
 Animate Armour           Summ/Erth      8%         N/A       67%         4
 Blade Hands              Tmut           2%         N/A       95%         5
 Iron Shot                Conj/Erth      8%         9d3       99%         6


Dungeon Overview and Level Annotations

Branches:
Dungeon (4/15)
 Temple: D:4-7

Annotations:
D:4 3 runed translucent doors, Duvessa; LustLizard's ghost, amateur HOFE


Innate Abilities, Weirdness & Mutations

You have an increased reservoir of magic. (+10% MP)
You shall have no god before yourself.
Your divine heritage dramatically boosts your attributes as you level up.


Message History

You continue putting on your +0 robe of willpower. x5
You finish putting on your +0 robe of willpower.
You feel strong-willed.
You drop a +0 robe.
You drop a +1 dagger.
Duvessa shouts!
Duvessa goes berserk!
Duvessa rages.
Throw: 2 darts (poison)
Press: ? - help, Q - select action, (/) - cycle Shift-Dir - straight line, f - Duvessa
Aim: Duvessa, wielding a +0 short sword, wearing a +0 leather armour and carrying a wand of flame (14) (berserk, 60% to hit)
You throw a poisoned dart. The poisoned dart hits Duvessa.
Duvessa hits you with a +0 short sword!
Casting: Magic Dart (safe; 1% risk of failure)
Confirm with . or Enter, or press ? or * to list all spells.
Aiming: Magic Dart (safe; 1% risk of failure)
Press: ? - help, Shift-Dir - straight line, f/p - Duvessa
Aim: Duvessa, wielding a +0 short sword, wearing a +0 leather armour and carrying a wand of flame (14) (berserk, 100% to hit)
The magic dart hits Duvessa.
Duvessa is lightly wounded.
Duvessa completely misses you.
Casting: Magic Dart (safe; 1% risk of failure)
Confirm with . or Enter, or press ? or * to list all spells.
Aiming: Magic Dart (safe; 1% risk of failure)
Press: ? - help, Shift-Dir - straight line, f/p - Duvessa
Aim: Duvessa, wielding a +0 short sword, wearing a +0 leather armour and carrying a wand of flame (14) (lightly wounded, berserk, 100% to hit)
The magic dart hits Duvessa but does no damage.
Duvessa is lightly wounded.
Duvessa hits you with a +0 short sword! x2
* * * LOW HITPOINT WARNING * * *
Okay, then.
It was a potion of curing.
You feel better. Duvessa hits you with a +0 short sword.
* * * LOW HITPOINT WARNING * * *
Okay, then.
It was a potion of flight.
You feel very buoyant.
You fly up into the air.
Duvessa closely misses you. Duvessa hits you with a +0 short sword!
You die...

#.##.#.# #.#
# #.#.# #.#
#>#.# #+#
#.#.# #.#)#
# #.#.##
#.##....####
#..........+
####@...####
#e#.## #(###
#..# ##.#
... #..##
#..# e...


You could see Duvessa (berserk).

Vanquished Creatures
  Dowan (D:4)
  A jelly (D:4)
  Robin (D:3)
  3 adders
  An ufetubus (D:4)
  A worm (D:2)
  3 ball pythons
  4 endoplasms
  6 giant cockroaches
  15 goblins
  8 hobgoblins
  6 jackals
  2 quokkas
  4 bats
  3 frilled lizards
  7 kobolds
  8 rats
74 creatures vanquished.

Vanquished Creatures (others)
  3 plants (D:2)
3 creatures vanquished.

Grand Total: 77 creatures vanquished

Notes
Turn   | Place    | Note
-------+----------+-------------------------------------------
     0 | D:1      | stormannn the Demigod Conjurer began the quest for the Orb.
     0 | D:1      | Reached XP level 1. HP: 14/14 MP: 5/5
   387 | D:1      | Reached XP level 2. HP: 20/20 MP: 4/7
  1537 | D:2      | Reached XP level 3. HP: 22/26 MP: 2/9
  2017 | D:2      | You fall into a shaft and drop 2 floors!
  2111 | D:4      | Reached XP level 4. HP: 17/33 MP: 4/11
  2740 | D:3      | Noticed Robin
  2754 | D:3      | Killed Robin
  3948 | D:4      | Found a runed translucent gate.
  3948 | D:4      | Found a runed translucent gate.
  3948 | D:4      | Found a runed translucent gate.
  3949 | D:4      | Noticed a kobold brigand
  3951 | D:4      | Noticed LustLizard's ghost (amateur HOFE)
  3977 | D:4      | Noticed Duvessa
  3977 | D:4      | Noticed Dowan
  3995 | D:4      | Killed Dowan
  3996 | D:4      | Reached XP level 5. HP: 31/38 MP: 7/14
  4089 | D:4      | HP: 1/38 [Duvessa/+0 short sword (13)]
  4091 | D:4      | Mangled by Duvessa

Illustrated notes

Levels and vault maps discovered:
D:1:      reono_arrival_mine, layout_basic, minmay_misc_feat_four_crosses
D:2:      layout_rooms, shapermc_ecumenical_altar_petra
D:3:      layout_basic, uniq_robin
D:4:      layout_loops_corners, serial_shops, shop,
          gammafunk_ghost_nasty_kobolds, uniq_duvessa

Skill      XL: |  1  2  3  4 |
---------------+-------------+-----
Spellcasting   | 2 3 4 |  4.1
Conjurations   | 4 |  4.6
Dodging        | |  1.7
Stealth        | |  1.7

Action                   |  1- 3 |  4- 6 || total
-------------------------+-------+-------++-------
Melee: Dagger            |    11 |     6 ||    17
       Punch             |     1 |       ||     1
Throw: Dart              |       |     3 ||     3
 Cast: Magic Dart        |   100 |    72 ||   172
  Use: Scroll            |     2 |     5 ||     7
       Potion            |       |     2 ||     2
Armor: Robe              |     2 |     3 ||     5
Dodge: Dodged            |    25 |    11 ||    36
